[Event "Djerba Festival Open-B 2025"]
[Site "Djerba"]
[Date "2025.02.17"]
[Round "2.24"]
[White "Mallah, Abderrahmane"]
[Black "Azreug, Lazhar"]
[Result "1/2-1/2"]
[Annotator "NA"]
[ECO "B34"]
[WhiteElo "1556"]
[BlackElo "1793"]
[PlyCount "147"]
[EventDate "2025.02.15"]
[EventType "swiss"]
[EventCountry "TUN"]
[SourceTitle "playchess.com"]
[Source "ChessBase"]
[SourceQuality "1"]
[TimeControl "5400+30"]

1. e4 c5 2. Nf3 Nc6 3. Nc3 g6 4. d4 cxd4 5. Nxd4 Bg7 6. Be3 Nf6 7. Be2 O-O 8. O-O d5 9. exd5 Nb4 10. Qd2 Nfxd5 11. Nxd5 Nxd5 12. Bh6 e5 13. Bxg7 Kxg7 14. Nb3 Nf4 15. Rad1 Qxd2 16. Rxd2 Be6 17. Bf3 Rad8 18. Rfd1 Rxd2 19. Rxd2 b6 20. g3 Nh3+ 21. Kf1 Kf6 22. Bd5 Bxd5 23. Rxd5 Ke6 24. Rd1 f5 25. a4 Rc8 26. c3 a5 27. Ke2 Rc4 28. Rd8 Rxa4 29. Rb8 Ra2 30. Rxb6+ Kd5 31. Nd2 a4 32. Rb5+ Kc6 33. Rb4 a3 34. bxa3 Rxa3 35. Nc4 Rxc3 36. Nxe5+ Kd6 37. Nd3 Ng5 38. Rd4+ Ke7 39. Nf4 Rc2+ 40. Rd2 Rxd2+ 41. Kxd2 Nf3+ 42. Ke3 Nxh2 43. f3 g5 44. Ne2 g4 45. fxg4 Nxg4+ 46. Kf4 Kf6 47. Nd4 Nh6 48. Nf3 Ng4 49. Nh4 Nh6 50. Nf3 Ng8 51. g4 Ne7 52. gxf5 Nxf5 53. Kg4 Ng7 54. Nh4 h5+ 55. Kg3 Kg5 56. Nf3+ Kg6 57. Ne5+ Kf6 58. Ng4+ Kg5 59. Ne3 Ne6 60. Ng2 Nd4 61. Ne3 Ne2+ 62. Kf2 Nf4 63. Ng2 Nd5 64. Kg3 Nf6 65. Nf4 Ne4+ 66. Kf3 Nd2+ 67. Kg3 Ne4+ 68. Kf3 Nd2+ 69. Kg3 h4+ 70. Kh3 Ne4 71. Ne6+ Kh5 72. Nf4+ Kg5 73. Ne6+ Kf5 74. Kxh4 1/2-1/2

[Event "Djerba Festival Open-B 2025"]
[Site "Djerba"]
[Date "2025.02.17"]
[Round "2.25"]
[White "Banat, Rizlene"]
[Black "Feurprier, Matteo"]
[Result "1-0"]
[Annotator "NA"]
[ECO "C20"]
[WhiteElo "1785"]
[BlackElo "1537"]
[PlyCount "95"]
[EventDate "2025.02.15"]
[EventType "swiss"]
[EventCountry "TUN"]
[SourceTitle "playchess.com"]
[Source "ChessBase"]
[SourceQuality "1"]
[TimeControl "5400+30"]

1. e4 e5 2. c4 Bc5 3. d3 Nc6 4. Nf3 d6 5. Nc3 Nf6 6. h3 h6 7. Be3 Bb6 8. Be2 O-O 9. O-O Be6 10. Nd5 Nd7 11. Nxb6 Nxb6 12. Qd2 f5 13. exf5 Bxf5 14. d4 e4 15. Nh2 Qh4 16. b3 Nd7 17. Bg4 Ne7 18. d5 Ne5 19. Bxf5 Rxf5 20. Bd4 Raf8 21. Bxe5 Rxe5 22. Rae1 Rg5 23. Ng4 Ng6 24. Rxe4 Qh5 25. Rfe1 Ne5 26. Nxe5 dxe5 27. Kh2 Qg6 28. f3 Qf6 29. Qe3 Qa6 30. Re2 Qd6 31. Qxa7 b6 32. Qa4 Rff5 33. Qc6 Qxc6 34. dxc6 Kf7 35. b4 Ke6 36. Rd2 Rf7 37. Rd5 b5 38. Rxb5 Kd6 39. Rd5+ Kxc6 40. Rdxe5 Rxe5 41. Rxe5 Rf4 42. Re4 Rf7 43. a4 Kb6 44. a5+ Ka6 45. Re6+ Kb7 46. a6+ Ka7 47. b5 c5 48. Rc6 1-0

[Event "Djerba Festival Open-B 2025"]
[Site "Djerba"]
[Date "2025.02.17"]
[Round "2.27"]
[White "Doucet, Paul-Loup"]
[Black "Smida, Tahar"]
[Result "0-1"]
[Annotator "NA"]
[ECO "D31"]
[WhiteElo "1503"]
[BlackElo "1769"]
[PlyCount "162"]
[EventDate "2025.02.15"]
[EventType "swiss"]
[EventCountry "TUN"]
[SourceTitle "playchess.com"]
[Source "ChessBase"]
[SourceQuality "1"]
[TimeControl "5400+30"]

1. e4 c6 2. c4 e6 3. d4 d5 4. Nc3 Bb4 5. exd5 exd5 6. Bd2 Nf6 7. a3 Ba5 8. b4 Bb6 9. c5 Bc7 10. Bd3 Bg4 11. f3 Bh5 12. Qe2+ Qe7 13. b5 Nbd7 14. bxc6 bxc6 15. Rb1 Rb8 16. Rxb8+ Bxb8 17. Ba6 Bc7 18. Na2 Ne4 19. g4 Nxd2 20. Qxe7+ Kxe7 21. Kxd2 Bg6 22. Ne2 h5 23. g5 Nb8 24. Bb7 Kd7 25. Nec1 Ba5+ 26. Ke2 Kc7 27. Nb3 Re8+ 28. Kd1 Kxb7 29. Nxa5+ Ka6 30. Nb3 Re3 31. Nac1 Rxf3 32. Re1 Be4 33. Nd2 Rf4 34. Re3 f5 35. h3 Nd7 36. Ke1 Nf8 37. Ne2 Rh4 38. Kf2 f4 39. Rb3 Ne6 40. Rb4 Nxg5 41. Nxe4 Nxe4+ 42. Kg2 Nd2 43. Ng1 g5 44. Rb2 f3+ 45. Kf2 Rxd4 46. Ke1 Nc4 47. Nxf3 Re4+ 48. Re2 Rxe2+ 49. Kxe2 g4 50. hxg4 hxg4 51. Nd4 Kb7 52. a4 Nb2 53. a5 a6 54. Kf2 Nd3+ 55. Kg3 Nxc5 56. Kxg4 Nd3 57. Kf3 c5 58. Nc2 Kc6 59. Ke3 Ne5 60. Kf4 Nc4 61. Kf3 Nxa5 62. Ke3 Nb3 63. Kd3 a5 64. Kc3 a4 65. Na3 d4+ 66. Kc4 Na5+ 67. Kd3 Kd5 68. Nb5 c4+ 69. Kc2 Kc5 70. Nc7 Nc6 71. Kb2 c3+ 72. Kc2 Nb4+ 73. Kc1 d3 74. Ne6+ Kc4 75. Nf4 Na2+ 76. Kb1 c2+ 77. Kb2 c1=Q+ 78. Kxa2 Qxf4 79. Ka3 Qb8 80. Ka2 Kc3 81. Ka3 Qb3# 0-1

[Event "Djerba Festival Open-B 2025"]
[Site "Djerba"]
[Date "2025.02.17"]
[Round "2.28"]
[White "Cherad, Mohammed"]
[Black "Hafsa, Yessine"]
[Result "1-0"]
[Annotator "NA"]
[ECO "C54"]
[WhiteElo "1768"]
[BlackElo "1503"]
[PlyCount "99"]
[EventDate "2025.02.15"]
[EventType "swiss"]
[EventCountry "TUN"]
[SourceTitle "playchess.com"]
[Source "ChessBase"]
[SourceQuality "1"]
[TimeControl "5400+30"]

1. e4 e5 2. Nf3 Nc6 3. Bc4 Bc5 4. c3 Nf6 5. d3 d6 6. a4 a6 7. Bb3 h6 8. O-O Bg4 9. h3 Bh5 10. Re1 Ne7 11. Nbd2 Ng6 12. Nf1 Nh4 13. Ng3 Bxf3 14. gxf3 Qd7 15. Kh2 Bxf2 16. Rf1 Bxg3+ 17. Kxg3 Nh5+ 18. Kh2 Ng6 19. Rg1 Ngf4 20. Qf1 O-O 21. Rg4 Kh7 22. Bc2 g6 23. d4 Kh8 24. Be3 f5 25. exf5 gxf5 26. Rg1 Rg8 27. Qf2 Rxg1 28. Rxg1 Nxh3 29. Qh4 Nxg1 30. Qxh5 Nxf3+ 31. Qxf3 f4 32. Bf2 Rg8 33. Qh5 Qg7 34. Be4 c6 35. dxe5 dxe5 36. Qf5 Rf8 37. Qh5 Qg5 38. Qe2 h5 39. Bf3 Rf6 40. Qd2 Rf7 41. Qd6 h4 42. Qe6 Kg7 43. Qh3 Rf8 44. Bxh4 Qg6 45. Qd7+ Rf7 46. Qe8 e4 47. Qe5+ Kh6 48. Bxe4 Qg7 49. Bg5+ Qxg5 50. Qh8+ 1-0

[Event "Djerba Festival Open-B 2025"]
[Site "Djerba"]
[Date "2025.02.18"]
[Round "3.1"]
[White "Lebret, Jean-Michel"]
[Black "Tkitek Mohamed Mejed"]
[Result "1-0"]
[Annotator "ChessBase"]
[ECO "C97"]
[WhiteElo "1995"]
[BlackElo "1875"]
[PlyCount "136"]
[EventDate "2025.02.15"]
[EventType "swiss"]
[EventCountry "TUN"]
[SourceTitle "playchess.com"]
[Source "ChessBase"]
[SourceQuality "1"]
[TimeControl "5400+30"]

1. e4 e5 2. Nf3 Nc6 3. Bb5 a6 4. Ba4 Be7 5. O-O b5 6. Bb3 Nf6 7. Re1 d6 8. c3 O-O 9. h3 Na5 10. Bc2 c5 11. d4 Qc7 12. Nbd2 Re8 13. Nf1 h6 14. Ng3 Bf8 15. b3 Nc6 16. d5 Ne7 17. a4 bxa4 18. Rxa4 Ng6 19. Nf5 Bd7 20. Ra2 Nf4 21. g3 Bxf5 22. gxf4 Bxh3 23. Qd3 exf4 24. Bxf4 Bg4 25. e5 Bxf3 26. Qxf3 dxe5 27. Bxh6 gxh6 28. Qxf6 Qd6 29. Qxd6 Bxd6 30. Rea1 Kg7 31. Rxa6 Rad8 32. f3 Rf8 33. Rc6 Kf6 34. Raa6 Ke7 35. Bf5 Rg8+ 36. Kf2 Rg5 37. Bh3 h5 38. Ra7+ Kf6 39. c4 e4 40. f4 Rgg8 41. Bd7 Ke7 42. Be6+ Kf8 43. Rxf7+ Ke8 44. Rh7 Rf8 45. f5 Be5 46. Ke3 Rh8 47. Bf7+ Kd7 48. Rch6 Rxh7 49. Rxh7 Rh8 50. Rxh5 Rxh5 51. Bxh5 Ke7 52. Kxe4 Bd6 53. Bd1 Kf6 54. Bc2 Ke7 55. b4 cxb4 56. Kd4 Bg3 57. c5 Kf6 58. Kc4 Be1 59. d6 Ke5 60. Kb5 Bd2 61. Kc6 Bg5 62. Kc7 Kd5 63. d7 Kxc5 64. d8=Q Bxd8+ 65. Kxd8 Kd6 66. Ke8 Ke5 67. Kf7 b3 68. Bb1 Kd5 1-0

[Event "Djerba Festival Open-B 2025"]
[Site "Djerba"]
[Date "2025.02.18"]
[Round "3.2"]
[White "Bensadi, Lotfi"]
[Black "Kole, Arda"]
[Result "0-1"]
[Annotator "ChessBase"]
[ECO "C24"]
[WhiteElo "1971"]
[BlackElo "1848"]
[PlyCount "81"]
[EventDate "2025.02.15"]
[EventType "swiss"]
[EventCountry "TUN"]
[SourceTitle "playchess.com"]
[Source "ChessBase"]
[SourceQuality "1"]
[TimeControl "5400+30"]

1. e4 e5 2. Bc4 Nf6 3. d4 exd4 4. Nf3 Bb4+ 5. c3 dxc3 6. bxc3 Bc5 7. e5 d5 8. exf6 dxc4 9. Qa4+ Kf8 10. Qxc4 Qe8+ 11. Kf1 Qc6 12. fxg7+ Kxg7 13. Qf4 Re8 14. c4 f6 15. Bb2 b5 16. Nc3 Bd6 17. Qh4 Qxc4+ 18. Qxc4 bxc4 19. Nd5 Nd7 20. Rd1 Ne5 21. Nd4 Rb8 22. Bc3 c5 23. Nc2 Bf5 24. Nce3 Bd3+ 25. Kg1 Kf7 26. f4 Nd7 27. Kf2 Re6 28. Rhe1 Rbe8 29. g3 h5 30. h3 Re4 31. h4 R4e6 32. Rd2 Rb8 33. Rb2 Rxb2+ 34. Bxb2 f5 35. Rc1 Nb6 36. Nc3 Be7 37. Nb5 a5 38. Bc3 Bf6 39. Bxa5 Bd4 40. Re1 Na4 41. Nc7 0-1

[Event "Djerba Festival Open-B 2025"]
[Site "Djerba"]
[Date "2025.02.18"]
[Round "3.3"]
[White "Zenaidi, Sadok"]
[Black "Belhaj, Nadhem"]
[Result "1-0"]
[Annotator "ChessBase"]
[ECO "C54"]
[WhiteElo "1872"]
[BlackElo "1960"]
[PlyCount "91"]
[EventDate "2025.02.15"]
[EventType "swiss"]
[EventCountry "TUN"]
[SourceTitle "playchess.com"]
[Source "ChessBase"]
[SourceQuality "1"]
[TimeControl "5400+30"]

1. e4 e5 2. Nf3 Nc6 3. Bc4 Bc5 4. c3 Nf6 5. d4 exd4 6. e5 d5 7. Bb5 Ne4 8. cxd4 Bb6 9. Nc3 O-O 10. Be3 Bg4 11. h3 Bh5 12. Qc2 Nxc3 13. bxc3 Bg6 14. Qa4 Ne7 15. Nh4 Nf5 16. Nxf5 Bxf5 17. O-O c6 18. Be2 f6 19. g4 Bd7 20. f4 fxe5 21. fxe5 Qh4 22. Kg2 Rae8 23. Qc2 Bd8 24. Bf4 h5 25. Bg3 Qg5 26. h4 Qh6 27. gxh5 Qe6 28. Rh1 Qf5 29. Qxf5 Bxf5 30. Rhf1 Be4+ 31. Kh3 Be7 32. Bg4 Rd8 33. Bf4 Bd3 34. Rf2 Bf5 35. Raf1 Bxg4+ 36. Kxg4 Ba3 37. h6 g6 38. Bg5 Rxf2 39. Rxf2 Re8 40. Rf6 Bf8 41. Rxg6+ Kh7 42. Rf6 Kg8 43. Kh5 a5 44. Kg6 a4 45. h7+ Kh8 46. Rxf8+ 1-0

[Event "Djerba Festival Open-B 2025"]
[Site "Djerba"]
[Date "2025.02.18"]
[Round "3.4"]
[White "Cornileau, Raphael"]
[Black "Guirat, Saber"]
[Result "1/2-1/2"]
[Annotator "ChessBase"]
[ECO "B82"]
[WhiteElo "1864"]
[BlackElo "1956"]
[PlyCount "142"]
[EventDate "2025.02.15"]
[EventType "swiss"]
[EventCountry "TUN"]
[SourceTitle "playchess.com"]
[Source "ChessBase"]
[SourceQuality "1"]
[TimeControl "5400+30"]

1. e4 c5 2. Nf3 e6 3. d4 cxd4 4. Nxd4 a6 5. Nc3 Qc7 6. Bd3 Nf6 7. O-O Nc6 8. Nb3 Be7 9. Be3 O-O 10. f4 d6 11. Be2 b5 12. Bf3 Bb7 13. Qe2 Rac8 14. Rfd1 Nb8 15. a3 Nbd7 16. Rd2 Nb6 17. Na5 Ba8 18. Qf2 Nfd7 19. Bd4 e5 20. Be3 Na4 21. Nxa4 bxa4 22. b4 Qc3 23. Ra2 exf4 24. Bxf4 Ne5 25. Bxe5 dxe5 26. Rd3 Qc7 27. c4 f5 28. Qe3 Qxa5 29. bxa5 Bc5 30. Re2 Bxe3+ 31. Rdxe3 f4 32. Rc3 Rfd8 33. Bg4 Rc5 34. Be6+ Kf8 35. Bd5 Bxd5 36. Rd2 Ke7 37. Rxd5 Rdxd5 38. exd5 Kd6 39. Kf2 e4 40. Rc1 Rc8 41. h4 Rb8 42. c5+ Kxd5 43. c6 Rc8 44. c7 Kd6 45. Rc4 e3+ 46. Kf3 Rxc7 47. Rxf4 Re7 48. Ke2 Kc5 49. Rb4 Re6 50. h5 g6 51. hxg6 Rxg6 52. g4 Re6 53. g5 Re5 54. Rb7 Rxg5 55. Rxh7 Kc4 56. Rh3 Re5 57. Rxe3 Rxe3+ 58. Kxe3 Kc3 59. Ke2 Kc2 60. Ke3 Kb2 61. Kd2 Kxa3 62. Kc3 Ka2 63. Kc2 a3 64. Kc1 Kb3 65. Kb1 Ka4 66. Ka2 Kb4 67. Kb1 Kxa5 68. Ka2 Kb4 69. Ka1 Kb3 70. Kb1 a2+ 71. Ka1 a5 1/2-1/2

[Event "Djerba Festival Open-B 2025"]
[Site "Djerba"]
[Date "2025.02.18"]
[Round "3.5"]
[White "Louvrier Saint-Mary, Jean-Roger"]
[Black "Nassr, Lina"]
[Result "1/2-1/2"]
[Annotator "ChessBase"]
[ECO "A17"]
[WhiteElo "1839"]
[BlackElo "1934"]
[PlyCount "168"]
[EventDate "2025.02.15"]
[EventType "swiss"]
[EventCountry "TUN"]
[SourceTitle "playchess.com"]
[Source "ChessBase"]
[SourceQuality "1"]
[TimeControl "5400+30"]

1. c4 e6 2. g3 Nf6 3. Bg2 d5 4. Nc3 d4 5. Ne4 Nxe4 6. Bxe4 c5 7. Qc2 h6 8. f4 Nd7 9. Nf3 Nf6 10. Bd3 Be7 11. Ne5 O-O 12. b3 Bd6 13. Nf3 b6 14. Bb2 Bb7 15. O-O-O Ng4 16. Rhf1 f5 17. h3 Nf6 18. e3 dxe3 19. dxe3 Qc7 20. g4 Ne4 21. gxf5 exf5 22. Rg1 Rf7 23. Ne5 Bxe5 24. Bxe5 Qe7 25. Rg6 Kh7 26. Rdg1 Rg8 27. Qe2 Qh4 28. Bxe4 Bxe4 29. R1g3 Bb7 30. Qd2 Qh5 31. Qc3 Qxg6 32. Rxg6 Kxg6 33. Qd2 Kh7 34. h4 h5 35. Qd6 Be4 36. Qe6 Rff8 37. Qd7 a6 38. Qc7 b5 39. cxb5 axb5 40. Qd7 c4 41. b4 Kh6 42. Qxb5 Ra8 43. a4 g6 44. a5 Rgd8 45. Qb6 Rd7 46. Bd4 Rb7 47. Qc5 Rab8 48. Bc3 Rd7 49. Bd4 Rdb7 50. Bf6 Kh7 51. a6 Rf7 52. a7 Ra8 53. Bd4 Rfxa7 54. Qxa7+ Rxa7 55. Bxa7 c3 56. b5 Kg8 57. Bd4 c2 58. Bb2 Kf7 59. Kd2 Ke6 60. Kc3 Kd6 61. Ba3+ Kc7 62. Kd4 Kb6 63. Ke5 Kxb5 64. Kf6 Bf3 65. Kxg6 Bg4 66. Bc1 Kc4 67. Kf6 Kd3 68. Ke5 Bh3 69. Kd5 Bg4 70. Ke5 Bh3 71. Kd5 Ke2 72. Ke5 Kd1 73. Ba3 c1=Q 74. Bxc1 Kxc1 75. e4 fxe4 76. Kxe4 Kd2 77. f5 Kc3 78. Ke5 Bf1 79. Kf6 Bb5 80. Ke7 Kd4 81. f6 Bc4 82. f7 Bxf7 83. Kxf7 Ke5 84. Kg6 Ke6 1/2-1/2

[Event "Djerba Festival Open-B 2025"]
[Site "Djerba"]
[Date "2025.02.18"]
[Round "3.6"]
[White "Dejardin, Gregoire"]
[Black "Zerarga, Imene"]
[Result "1-0"]
[Annotator "ChessBase"]
[ECO "A39"]
[WhiteElo "1932"]
[BlackElo "1831"]
[PlyCount "113"]
[EventDate "2025.02.15"]
[EventType "swiss"]
[EventCountry "TUN"]
[SourceTitle "playchess.com"]
[Source "ChessBase"]
[SourceQuality "1"]
[TimeControl "5400+30"]

1. Nf3 c5 2. c4 Nf6 3. g3 Nc6 4. Bg2 g6 5. Nc3 Bg7 6. O-O d6 7. d4 cxd4 8. Nxd4 Nxd4 9. Qxd4 O-O 10. Rd1 Ng4 11. Qd2 Qb6 12. e3 Ne5 13. Nd5 Qd8 14. Qe2 Bg4 15. f3 Be6 16. Bd2 b5 17. b3 bxc4 18. Nf4 cxb3 19. Nxe6 fxe6 20. axb3 Nd7 21. Ra3 Qb8 22. Bh3 Kf7 23. b4 Rc8 24. f4 Nf6 25. e4 Qb6+ 26. Kh1 Rc2 27. e5 Qb7+ 28. Bg2 Nd5 29. Qe4 Rac8 30. Rd3 Qb5 31. exd6 exd6 32. Bh3 Re8 33. Re1 Kf8 34. Bxe6 Nf6 35. Qd4 d5 36. Bc3 Nh5 37. Qe3 Bxc3 38. Rxc3 Rxe6 39. Qxe6 Rxc3 40. Qd6+ Kg8 41. Qd8+ Kg7 42. Qe7+ Kh6 43. Qg5+ Kg7 44. Qe5+ Kg8 45. Qxc3 Qb7 46. Qd4 Kf7 47. Qe5 Ng7 48. Rc1 Ne6 49. f5 gxf5 50. Qxf5+ Kg7 51. Qxe6 d4+ 52. Kg1 d3 53. Qe5+ Kg8 54. Rc7 Qb6+ 55. Kf1 Qg6 56. Qd5+ Kf8 57. Qa8+ 1-0

[Event "Djerba Festival Open-B 2025"]
[Site "Djerba"]
[Date "2025.02.18"]
[Round "3.7"]
[White "Ertemi, Ibrahim K"]
[Black "Gely, Bernard"]
[Result "1/2-1/2"]
[Annotator "NA"]
[ECO "B50"]
[WhiteElo "1823"]
[BlackElo "1928"]
[PlyCount "56"]
[EventDate "2025.02.15"]
[EventType "swiss"]
[EventCountry "TUN"]
[SourceTitle "playchess.com"]
[Source "ChessBase"]
[SourceQuality "1"]
[TimeControl "5400+30"]

1. e4 c5 2. Nf3 d6 3. Nc3 a6 4. Nd5 e6 5. Ne3 Nc6 6. c3 Nf6 7. Bd3 b5 8. Bc2 Bb7 9. d3 Be7 10. O-O O-O 11. a3 Qc7 12. h3 Rfd8 13. Qe2 d5 14. exd5 Nxd5 15. Nxd5 Rxd5 16. Be3 Rad8 17. Rad1 Ne5 18. Nxe5 Qxe5 19. f4 Qc7 20. d4 c4 21. Be4 R5d7 22. Qf3 Bxe4 23. Qxe4 Qb7 24. Qxb7 Rxb7 25. f5 exf5 26. Rxf5 Bd6 27. Rf3 Re8 28. Kf2 a5 1/2-1/2

[Event "Djerba Festival Open-B 2025"]
[Site "Djerba"]
[Date "2025.02.18"]
[Round "3.8"]
[White "Zouaghi, Ahmed"]
[Black "Girard, Adrien"]
[Result "1-0"]
[Annotator "NA"]
[ECO "B13"]
[WhiteElo "1919"]
[BlackElo "1796"]
[PlyCount "107"]
[EventDate "2025.02.15"]
[EventType "swiss"]
[EventCountry "TUN"]
[SourceTitle "playchess.com"]
[Source "ChessBase"]
[SourceQuality "1"]
[TimeControl "5400+30"]

1. e4 c6 2. d4 d5 3. exd5 cxd5 4. Bd3 Nc6 5. c3 Nf6 6. Bf4 Bg4 7. Qb3 Qd7 8. Nd2 e6 9. Ngf3 Bxf3 10. Nxf3 Be7 11. Ne5 Qc8 12. h3 O-O 13. O-O Nxe5 14. Bxe5 a6 15. Qc2 h6 16. a4 Nd7 17. Bf4 Nb6 18. Qe2 Qd8 19. a5 Nc8 20. Bc2 Bg5 21. Qd3 g6 22. Bh2 Nd6 23. Bxd6 Qxd6 24. g3 h5 25. h4 Bh6 26. Rfe1 Kh8 27. Re5 Rg8 28. Rxh5 Kg7 29. Re5 Kf8 30. Rae1 Qc7 31. Qf3 Kg7 32. Ra1 Rae8 33. Qg4 f5 34. Qe2 Kf7 35. Re1 Qc6 36. Qd1 Qc7 37. Ba4 Re7 38. Qe2 Qd6 39. f4 Bg7 40. Re3 Rh8 41. Qf3 Kf6 42. Bb3 Rhe8 43. Qe2 Bf8 44. h5 b5 45. hxg6 Kxg6 46. Bc2 Kf6 47. Qh5 Bg7 48. Re5 Bh8 49. g4 Rg8 50. g5+ Kg7 51. Bxf5 Kf8 52. Rxe6 Rxe6 53. Rxe6 Qxf4 54. Re8+ 1-0

[Event "Djerba Festival Open-B 2025"]
[Site "Djerba"]
[Date "2025.02.18"]
[Round "3.9"]
[White "Smida, Tahar"]
[Black "Charfeddine, Akram"]
[Result "0-1"]
[Annotator "ChessBase"]
[ECO "B84"]
[WhiteElo "1769"]
[BlackElo "1915"]
[PlyCount "108"]
[EventDate "2025.02.15"]
[EventType "swiss"]
[EventCountry "TUN"]
[SourceTitle "playchess.com"]
[Source "ChessBase"]
[SourceQuality "1"]
[TimeControl "5400+30"]

1. e4 c5 2. Nf3 d6 3. d4 cxd4 4. Nxd4 Nf6 5. Nc3 a6 6. Be2 e6 7. O-O Nbd7 8. f4 b5 9. a3 Bb7 10. Bf3 Be7 11. Be3 Rc8 12. Qd2 Qc7 13. Nb3 O-O 14. Rac1 Nb6 15. Na5 Ba8 16. Qf2 Na4 17. Nxa4 Qxa5 18. Nb6 Bxe4 19. Bd2 b4 20. Bxb4 Qf5 21. Nxc8 Rxc8 22. g3 a5 23. Bc3 Bxf3 24. Qxf3 Ne4 25. Bxa5 h5 26. Bb4 Bf6 27. Rce1 d5 28. Qd3 Bxb2 29. c3 Rc4 30. Rxe4 Qxe4 31. Qxe4 dxe4 32. a4 Bxc3 33. Bxc3 Rxc3 34. Ra1 Rc6 35. a5 Ra6 36. Kf2 Kf8 37. Ke3 f5 38. h3 Ke7 39. g4 hxg4 40. hxg4 Kd6 41. Kd4 Kc6 42. gxf5 exf5 43. Ke3 Kb5 44. Rg1 g6 45. Rd1 Kxa5 46. Rb1 Rd6 47. Rg1 Kb6 48. Rg2 Kc7 49. Rf2 Kd7 50. Ke2 Ke7 51. Kf1 Kf6 52. Kg2 Rd3 53. Rf1 g5 54. fxg5+ Kxg5 0-1

[Event "Djerba Festival Open-B 2025"]
[Site "Djerba"]
[Date "2025.02.18"]
[Round "3.10"]
[White "Algadari, Mahmod"]
[Black "Banat, Rizlene"]
[Result "1-0"]
[Annotator "ChessBase"]
[ECO "A43"]
[WhiteElo "1909"]
[BlackElo "1785"]
[PlyCount "77"]
[EventDate "2025.02.15"]
[EventType "swiss"]
[EventCountry "TUN"]
[SourceTitle "playchess.com"]
[Source "ChessBase"]
[SourceQuality "1"]
[TimeControl "5400+30"]

1. d4 c5 2. c3 e6 3. Bf4 d5 4. e3 c4 5. e4 b5 6. exd5 Qxd5 7. Be2 Bb7 8. Bf3 Qd7 9. a4 Nf6 10. axb5 Qxb5 11. Qa4 Qxa4 12. Rxa4 Bxf3 13. Nxf3 Nbd7 14. Rxc4 Nb6 15. Rc6 Nfd5 16. Bg3 Ne7 17. Rc5 Nf5 18. Rb5 Nxg3 19. hxg3 Bd6 20. Nbd2 O-O 21. c4 Be7 22. Ke2 f6 23. Ra1 Rfc8 24. b3 Rc6 25. Rba5 Nc8 26. Ra6 Rxa6 27. Rxa6 Kf7 28. c5 Bd8 29. Nc4 Be7 30. Kd3 Rb8 31. Kc3 Rb5 32. b4 Rb7 33. Nfd2 Bd8 34. Ne4 Be7 35. Na5 Rc7 36. Nc6 Bf8 37. Nd2 Be7 38. Nc4 Bf8 39. Nd8+ 1-0

[Event "Djerba Festival Open-B 2025"]
[Site "Djerba"]
[Date "2025.02.18"]
[Round "3.11"]
[White "Weslati, Monem"]
[Black "Rafik yassine"]
[Result "0-1"]
[Annotator "NA"]
[ECO "A96"]
[WhiteElo "1591"]
[BlackElo "1909"]
[PlyCount "61"]
[EventDate "2025.02.15"]
[EventType "swiss"]
[EventCountry "TUN"]
[SourceTitle "playchess.com"]
[Source "ChessBase"]
[SourceQuality "1"]
[TimeControl "5400+30"]

1. d4 e6 2. c4 f5 3. Nf3 Nf6 4. g3 Be7 5. Bg2 O-O 6. Nc3 d6 7. O-O Ne4 8. Ne1 Nxc3 9. bxc3 Nc6 10. Nd3 Bf6 11. Rb1 Qe8 12. e4 e5 13. exf5 exd4 14. Re1 Qd8 15. Nf4 Bxf5 16. Rxb7 Bd7 17. Bd5+ Kh8 18. Bxc6 Bxc6 19. Ne6 Qc8 20. Rxc7 Qa6 21. cxd4 Rfe8 22. d5 Ba4 23. Qg4 Qa5 24. Bd2 Qxd2 25. Re3 Bd1 26. Qf4 Be2 27. Rxe2 Qxe2 28. Rf7 Rxe6 29. dxe6 Qxe6 30. Rb7 h6 31. Rb5 0-1

[Event "Djerba Festival Open-B 2025"]
[Site "Djerba"]
[Date "2025.02.18"]
[Round "3.12"]
[White "Minde, Baptiste"]
[Black "Mendili, Jahed"]
[Result "1/2-1/2"]
[Annotator "NA"]
[ECO "D02"]
[WhiteElo "1896"]
[BlackElo "1771"]
[PlyCount "58"]
[EventDate "2025.02.15"]
[EventType "swiss"]
[EventCountry "TUN"]
[SourceTitle "playchess.com"]
[Source "ChessBase"]
[SourceQuality "1"]
[TimeControl "5400+30"]

1. d4 Nf6 2. Bf4 e6 3. e3 d5 4. Nf3 Nbd7 5. Nbd2 c5 6. c3 Be7 7. h3 O-O 8. Bd3 b6 9. Ne5 Bb7 10. Qf3 Nxe5 11. dxe5 d4 12. Qxb7 dxc3 13. exf6 Qxd3 14. fxe7 Qxd2+ 15. Kf1 cxb2 16. exf8=Q+ Rxf8 17. Re1 Qxe1+ 18. Kxe1 b1=Q+ 19. Ke2 Qxh1 20. Bd6 Qb1 21. Bxf8 Qxa2+ 22. Kf3 Kxf8 23. Qc8+ Ke7 24. Qc7+ Kf6 25. Qf4+ Kg6 26. Qg4+ Kh6 27. Qf4+ Kg6 28. Qg4+ Kf6 29. Qf4+ Kg6 1/2-1/2

[Event "Djerba Festival Open-B 2025"]
[Site "Djerba"]
[Date "2025.02.18"]
[Round "3.13"]
[White "Schmittheisler, Guillaume"]
[Black "Cherad, Mohammed"]
[Result "1/2-1/2"]
[Annotator "NA"]
[ECO "E11"]
[WhiteElo "1888"]
[BlackElo "1768"]
[PlyCount "45"]
[EventDate "2025.02.15"]
[EventType "swiss"]
[EventCountry "TUN"]
[SourceTitle "playchess.com"]
[Source "ChessBase"]
[SourceQuality "1"]
[TimeControl "5400+30"]

1. d4 Nf6 2. Nf3 d5 3. c4 e6 4. g3 Bb4+ 5. Bd2 Be7 6. Bg2 O-O 7. O-O Ne4 8. Nc3 c6 9. b3 Nd7 10. Nxe4 dxe4 11. Ne5 Nxe5 12. dxe5 Qc7 13. Qc2 Qxe5 14. Bc3 Qc7 15. Qxe4 f5 16. Qc2 e5 17. Rad1 Be6 18. Rd2 Rad8 19. Rxd8 Rxd8 20. Rd1 Bf6 21. Rxd8+ Qxd8 22. Bh3 Qd7 23. e4 1/2-1/2

[Event "Djerba Festival Open-B 2025"]
[Site "Djerba"]
[Date "2025.02.18"]
[Round "3.14"]
[White "Ktita, Dhafer"]
[Black "Chelli, Hichem"]
[Result "1-0"]
[Annotator "ChessBase"]
[ECO "C10"]
[WhiteElo "1949"]
[BlackElo "1763"]
[PlyCount "114"]
[EventDate "2025.02.15"]
[EventType "swiss"]
[EventCountry "TUN"]
[SourceTitle "playchess.com"]
[Source "ChessBase"]
[SourceQuality "1"]
[TimeControl "5400+30"]

1. e4 e6 2. d4 d5 3. Nd2 dxe4 4. Nxe4 Nd7 5. Nf3 Ngf6 6. Nxf6+ Nxf6 7. Be3 Be7 8. Bd3 b6 9. Qe2 Bb7 10. O-O-O O-O 11. Bg5 Bxf3 12. Qxf3 Qd5 13. Qxd5 Nxd5 14. Bxe7 Nxe7 15. Be4 Rad8 16. c4 a5 17. Kc2 Nc8 18. Kc1 Ne7 19. Kc2 Nc8 20. Kc3 Nd6 21. Bc2 b5 22. b3 Nc8 23. Be4 Nd6 24. Bc2 Rb8 25. a3 a4 26. c5 axb3 27. Kxb3 Ne8 28. Be4 Nf6 29. Bc6 Rfd8 30. Rhe1 Nd5 31. Re5 Ne7 32. Be4 c6 33. Rh5 g6 34. Rh3 Rd7 35. Rhd3 Ra7 36. Ka2 Rba8 37. Rb3 Ra4 38. Kb2 Rd8 39. Rb4 Ra7 40. f4 Rda8 41. Rd3 Kf8 42. g3 Rd8 43. h4 h5 44. a4 Rxa4 45. Rxa4 bxa4 46. Ka3 Ra8 47. Rd2 Ke8 48. Rb2 Ra7 49. Rb8+ Kd7 50. Rf8 f5 51. Bc2 Rb7 52. Bxa4 Rb1 53. Ra8 Nd5 54. Ra7+ Kd8 55. Ra8+ Kc7 56. Ra6 Nb4 57. Rb6 Ra1+ 1-0

[Event "Djerba Festival Open-B 2025"]
[Site "Djerba"]
[Date "2025.02.18"]
[Round "3.15"]
[White "Baba, Mouadh"]
[Black "Abokrais, Kaled"]
[Result "1-0"]
[Annotator "NA"]
[ECO "B32"]
[WhiteElo "1688"]
[BlackElo "1902"]
[PlyCount "55"]
[EventDate "2025.02.15"]
[EventType "swiss"]
[EventCountry "TUN"]
[SourceTitle "playchess.com"]
[Source "ChessBase"]
[SourceQuality "1"]
[TimeControl "5400+30"]

1. e4 c5 2. Nf3 Nc6 3. d4 cxd4 4. Nxd4 e5 5. Nb5 d6 6. N1c3 a6 7. Na3 b5 8. Nd5 h6 9. c3 Nf6 10. f3 Nxd5 11. exd5 Ne7 12. Nc2 Bb7 13. c4 bxc4 14. Bxc4 Nf5 15. Qd3 Qh4+ 16. Kd1 Ng3 17. Re1 Qxh2 18. Bb5+ Kd8 19. Ba4 Qxg2 20. Bd2 h5 21. Qc3 Bxd5 22. Qa5+ Ke7 23. Qxd5 Ra7 24. Bb4 Nf5 25. Rxe5+ Kf6 26. Rxf5+ Kg6 27. Bd2 Be7 28. Qxf7+ 1-0